 Dungeon Crawl Stone Soup version 0.31.0-12-g77e489cdc1 (webtiles) character file.

Game seed: 15726614051609393370

152 Killerpretzel the Changeling (level 5, -2/34 HPs)
             Began as an Octopode Shapeshifter on Feb 21, 2024.
             Slain by Duvessa
             ... wielding a +0 short sword
              (4 damage)
             ... on level 4 of the Dungeon.
             The game lasted 00:01:47 (2632 turns).

Killerpretzel the Changeling (OpSh)                 Turns: 2632, Time: 00:01:47

Health: -2/34      AC:  1    Str: 13    XL:     5   Next: 34%
Magic:  5/5        EV: 13    Int: 13    God:
Gold:   149        SH:  0    Dex: 13    Spells: 4/4 levels left

rFire   . .          .
                       - Unarmed
rCold   . . .        (no shield)
rNeg    . . .        (helmet currently unavailable)
rPois   .            (no amulet)
rElec   .            i - ring of fire
rCorr   .            d - ring of ice
SInv    .            (no ring)
Will    .....        (no ring)
Stlth   ++           (no ring)
HPRegen 0.25/turn    (no ring)
MPRegen 0.09/turn    (no ring)
                     (no ring)

%: no passive effects
@: mighty, beast-form
A: beast (slay +2), almost no armour, amphibious, 8 rings, camouflage 1,
gelatinous body 1, (nimble swimmer 1), tentacles
a: Begin Untransformation


You were on level 4 of the Dungeon.
You were a hulking beast.
You visited 1 branch of the dungeon, and saw 4 of its levels.

You collected 149 gold pieces.

Inventory:

Jewellery
 d - a ring of ice (right tentacle)
 i - a ring of fire (left tentacle)
Talismans
 b - a beast talisman
 c - a flux talisman
Wands
 m - a wand of flame (18)
Scrolls
 e - a scroll of amnesia
 j - 4 scrolls of teleportation
 p - 2 scrolls of enchant armour {unknown}
Potions
 a - a potion of lignification
 f - a potion of mutation {unknown}
 g - a potion of cancellation {unknown}
 h - 2 potions of might
 k - 2 potions of curing
 l - a potion of berserk rage {unknown}
 n - 2 potions of heal wounds {unknown}
 o - 2 potions of degeneration {unknown}


   Skills:
 + Level 2.2 Fighting
 + Level 2.9 Dodging
 + Level 3.7 Unarmed Combat
 * Level 4.1 Shapeshifting


You had 4 spell levels left.
You didn't know any spells.
Your spell library contained the following spells:

 Spells                   Type           Power      Damage    Failure   Level
 Kiss of Death            Conj/Necr      0%         2d5       30%         1
 Magic Dart               Conj           0%         1d3       30%         1
 Blink                    Tloc           0%         N/A       43%         2
 Call Imp                 Summ           0%         N/A       43%         2
 Confusing Touch          Hex            0%         N/A       67%         3
 Dispel Undead            Necr           0%         3d6       97%         4


Dungeon Overview and Level Annotations

Branches:
Dungeon (4/15)
 Temple: D:4-7

Altars:

Shops:
D:1 (

Annotations:
D:4 Dowan, Duvessa


Innate Abilities, Weirdness & Mutations

You are a hulking beast.
Your limbs bulge with bestial killing power. (Slay +2)
You cannot wear most types of armour.
You are amphibious.
You can wear up to eight rings at the same time.
Your skin changes colour to match your surroundings (Stealth+).
Your rubbery body absorbs attacks. (AC +1, EV +1)
((You are camouflaged when in or above water. (Stealth+)))
You have tentacles for arms and can constrict up to eight enemies at once.


Message History

Dowan is lightly wounded.
The quokka closely misses you.
You tentacle-slap Dowan. Your grab misses Dowan.
Dowan is moderately wounded.
Dowan hits you with a +0 dagger. The quokka bites you.
You are too injured to fight recklessly!
You are too injured to fight recklessly!
You are too injured to fight recklessly!
You are too injured to fight recklessly!
You are too injured to fight recklessly!
There are monsters nearby!
You are too injured to fight recklessly!
You are too injured to fight recklessly!
You are too injured to fight recklessly!
You are too injured to fight recklessly!
You are too injured to fight recklessly!
You are too injured to fight recklessly!
You are too injured to fight recklessly!
You are too injured to fight recklessly!
You are too injured to fight recklessly!
You are too injured to fight recklessly!
There are monsters nearby!
You feel very mighty all of a sudden. Duvessa barely misses you.
You bludgeon Duvessa! Your grab misses Duvessa.
Duvessa is moderately wounded.
The quokka bites you. Duvessa hits you with a +0 short sword.
The quokka misses you.
You closely miss Duvessa. You grab Duvessa.
Duvessa is moderately wounded.
You constrict Duvessa, but do no damage.
Duvessa says, "I don't care about looks, I care about technique!"
Duvessa hits you with a +0 short sword!
* * * LOW HITPOINT WARNING * * *
The quokka bites you.
* * * LOW HITPOINT WARNING * * *
You tentacle-slap Duvessa.
Duvessa is moderately wounded.
You constrict Duvessa. Duvessa hits you with a +0 short sword.
You die...

#......###.# #.##
#......#.#.###.#
#......#.#.....#
#..........#####
##.......####
#.....####
########.....##########
.[.....#..............#
.......#h.##....#######
.......#er......##
.......eo..#.#...#
####.....#...#####
#.#######.# .. #.# ##
#.# ###


You could see Duvessa, Dowan, an orc and a quokka.

Vanquished Creatures
  An iguana (D:3)
  6 adders
  A ribbon worm (D:3)
  5 dart slugs
  An orc (D:3)
  3 endoplasms
  6 giant cockroaches
  4 hobgoblins
  2 kobolds
  3 quokkas (D:2)
  4 ball pythons
  5 bats
  3 frilled lizards
  10 goblins
  6 rats
60 creatures vanquished.

Notes
Turn   | Place    | Note
-------+----------+-------------------------------------------
     0 | D:1      | Killerpretzel the Octopode Shapeshifter began the quest for
                  | the Orb.
     0 | D:1      | Reached XP level 1. HP: 13/13 MP: 1/1
   146 | D:1      | Reached XP level 2. HP: 18/18 MP: 2/2
   383 | D:1      | Found Zepn's Antique Weapon Shoppe.
   718 | D:1      | Reached XP level 3. HP: 23/23 MP: 3/3
  1227 | D:2      | Reached XP level 4. HP: 29/29 MP: 4/4
  1971 | D:3      | Reached skill level 4 in Shapeshifting
  1971 | D:3      | Reached XP level 5. HP: 26/34 MP: 5/5
  2621 | D:4      | Noticed Dowan
  2621 | D:4      | Noticed Duvessa
  2632 | D:4      | Slain by Duvessa

Illustrated notes

Levels and vault maps discovered:
D:1:      psy_arrival_fountain, layout_loops_ring, serial_forest,
          infiniplex_forest_corner_1, infiniplex_forest_lined_room_2,
          infiniplex_forest_clump_medium, infiniplex_forest_end_2,
          infiniplex_forest_straight_2, infiniplex_forest_clump_diagonal,
          infiniplex_forest_end_1, infiniplex_forest_join,
          infiniplex_forest_zigzag_1, serial_shops, nicolae_shop_hallway_plus,
          nicolae_titane
D:2:      kb_forest_paths, layout_rooms
D:3:      layout_loops_cross, chequers_serial_rivers_micro_d, minivault_27
D:4:      layout_basic, serial_bayou_crossing, uniq_duvessa,
          uniq_crazy_yiuf_cottage, uniq_pikel, uniq_sigmund

Skill      XL: |  1  2  3  4 |
---------------+-------------+-----
Fighting       | 2 |  2.2
Shapeshifting  | 4 |  4.1
Dodging        | |  2.9
Unarmed Combat | |  3.7

Action                     |  1- 3 |  4- 6 || total
---------------------------+-------+-------++-------
  Melee: Unarmed           |    49 |    60 ||   109
         Tentacles         |    10 |    11 ||    21
         Constrict         |    13 |    16 ||    29
         Punch             |     1 |     1 ||     2
    Use: Scroll            |     4 |     4 ||     8
         Potion            |       |     1 ||     1
   Stab: Sleeping          |     9 |     4 ||    13
 Armour: Skin              |     8 |    37 ||    45
  Dodge: Dodged            |    20 |    28 ||    48
